 Dungeon Crawl Stone Soup version 0.29.1-2-gbd0b4ee654 (webtiles) character file.

Game seed: 16777866037694203811

208 KittyFluff the Cudgeller (level 5, -4/33 HPs)
             Began as a Gargoyle Berserker on Oct 26, 2022.
             Was a Believer of Trog.
             Slain by a gnoll
             ... wielding a +0 spear
              (5 damage)
             ... on level 3 of the Dungeon.
             The game lasted 00:10:58 (3160 turns).

KittyFluff the Cudgeller (Gargoyle Berserker)       Turns: 3160, Time: 00:10:58

Health: -4/33      AC:  7    Str: 20    XL:     5   Next: 86%
Magic:  5/5        EV: 12    Int:  8    God:    Trog [**....]
Gold:   142        SH:  0    Dex: 11    Spells: 4/4 levels left

rFire   . . .      SeeInvis .   a - +0 mace
rCold   . . .      Faith    .   (no shield)
rNeg    + . .      Spirit   .   b - +0 animal skin
rPois   ∞          Reflect  .   g - +0 helmet
rElec   +          Harm     .   (no cloak)
rCorr   .          Rampage  .   (no gloves)
Will    .....                   (no boots)
Stlth   +.........              (no amulet)
HPRegen 0.11/turn               (no ring)
MPRegen 0.09/turn               (no ring)

@: no status effects
A: sickness immunity, AC +4, negative energy resistance 1, electricity
resistance, torment resistance 1, petrification resistance
a: Renounce Religion, Berserk, Trog's Hand


You were on level 3 of the Dungeon.
You worshipped Trog.
Trog was pleased with you.
You visited 1 branch of the dungeon, and saw 3 of its levels.

You collected 142 gold pieces.

Inventory:

Hand Weapons
 a - a +0 mace (weapon)
 n - the +3 spear "Tegh" {elec, rPois rC- Str+3}
   (You took it off a goblin on level 2 of the Dungeon)

   It occasionally discharges a powerful burst of electricity upon striking a
   foe.
   Str:       It affects your strength (+3).
   rC:        It makes you vulnerable to cold.
   rPois:     It protects you from poison.
Missiles
 i - 3 atropa-tipped darts (quivered)
 j - 6 silver boomerangs
 o - 3 datura-tipped darts
Armour
 b - a +0 animal skin (worn)
 g - a +0 helmet (worn)
Scrolls
 d - a scroll of identify
 f - a scroll of teleportation {unknown}
 m - a scroll of fog {unknown}
Potions
 c - a potion of flight
 e - a potion of invisibility
 h - 3 potions of heal wounds
 k - a potion of attraction {unknown}
 l - a potion of mutation


   Skills:
 + Level 4.2 Fighting
 + Level 4.6 Maces & Flails
 * Level 3.4 Armour
 + Level 2.4 Dodging
 + Level 1.0 Stealth


You had 4 spell levels left.
You didn't know any spells.
Your spell library contained the following spells:

 Spells                   Type           Power      Damage    Failure   Level
 Apportation              Tloc           0%         N/A       41%         1
 Alistair's Intoxication  Tmut/Pois      0%         N/A       100%        5


Dungeon Overview and Level Annotations

Branches:
Dungeon (3/15)

Altars:


Innate Abilities, Weirdness & Mutations

You are immune to sickness and miasma.
Your stone body is resilient. (AC +4)
You are immune to poison.
You resist negative energy. (rN+)
You are resistant to electric shocks. (rElec)
You are resistant to unholy torment.
You are immune to petrification.


Message History

The gnoll is lightly wounded.
The gnoll hits you with a +0 whip. The gnoll closely misses you.
You hit the gnoll.
The gnoll is heavily wounded.
The gnoll barely misses you. The gnoll hits you with a +0 whip.
You hit the gnoll.
The gnoll is severely wounded.
The gnoll barely misses you. The gnoll hits you but does no damage.
You closely miss the gnoll.
The gnoll is severely wounded.
The gnoll closely misses you. The gnoll misses you.
The gnoll hits you but does no damage. The gnoll closely misses you.
You barely miss the gnoll.
The gnoll is severely wounded.
The gnoll hits you but does no damage.
The gnoll hits you from afar with a +0 spear.
* * * LOW HITPOINT WARNING * * *
You hit the gnoll but do no damage.
The gnoll is severely wounded.
The gnoll misses you. The gnoll closely misses you.
You barely miss the gnoll.
The gnoll is severely wounded.
The gnoll hits you but does no damage. The gnoll barely misses you.
You closely miss the gnoll.
The gnoll is severely wounded.
The gnoll hits you but does no damage. The gnoll closely misses you.
You hit the gnoll.
The gnoll is severely wounded.
The gnoll hits you with a +0 whip.
* * * LOW HITPOINT WARNING * * *
The gnoll hits you but does no damage.
You hit the gnoll.
You kill the gnoll!
Trog accepts your kill.
The gnoll hits you from afar with a +0 spear.
* * * LOW HITPOINT WARNING * * *
The gnoll hits you from afar with a +0 spear.
* * * LOW HITPOINT WARNING * * *
The gnoll hits you with a +0 spear.
You die...

...#.###.## .#######
.#.#.# #.# .......#
.#.#.###'####.......#
##.#.#..............#
..#.'...........g..
######.......####g#####
.......†.........g.....
###############.########..
#.............#g@.........
..###########.#########...
.....[............#
#############.###.# #
#)....# # ####### # # #


You could see a gnoll.

Vanquished Creatures
  An ogre (D:3)
  2 gnolls (D:3)
  3 adders
  A worm (D:2)
  2 dart slugs
  3 ball pythons
  2 bats
  7 endoplasms
  A giant cockroach (D:1)
  7 goblins
  6 hobgoblins
  10 jackals
  4 quokkas
  2 frilled lizards (D:2)
  3 kobolds
  7 rats
61 creatures vanquished.

Vanquished Creatures (others)
  A plant (D:1)
1 creature vanquished.

Grand Total: 62 creatures vanquished

Notes
Turn   | Place    | Note
-------+----------+-------------------------------------------
     0 | D:1      | KittyFluff the Gargoyle Berserker began the quest for the
                  | Orb.
     0 | D:1      | Reached XP level 1. HP: 14/14 MP: 1/1
   469 | D:1      | Reached XP level 2. HP: 19/19 MP: 2/2
   782 | D:1      | Found a faded altar of an unknown god.
  1123 | D:1      | Reached XP level 3. HP: 19/23 MP: 3/3
  1465 | D:2      | Reached ** piety under Trog
  1910 | D:2      | Reached XP level 4. HP: 20/29 MP: 4/4
  2348 | D:2      | Identified the +3 spear "Tegh" {elec, rPois rC- Str+3}
  2954 | D:3      | Noticed an ogre
  2961 | D:3      | Killed an ogre
  2962 | D:3      | Reached XP level 5. HP: 33/33 MP: 5/5
  3149 | D:3      | Reached skill level 1 in Stealth
  3159 | D:3      | HP: 1/33 [gnoll/+0 spear (1)]
  3160 | D:3      | Slain by a gnoll

Illustrated notes

Levels and vault maps discovered:
D:1:      nicolae_arrival_washed_ashore, layout_loops_ring,
          chequers_ecumenical_altar_lobes
D:2:      layout_basic
D:3:      layout_basic, uniq_grinder

Skill      XL: |  1  2  3  4  5 |
---------------+----------------+-----
Dodging        | 2 |  2.4
Maces & Flails | 4 |  4.6
Armour         | 3 |  3.4
Fighting       | 4 |  4.2
Stealth        | 1 |  1.0

Action                   |  1- 3 |  4- 6 || total
-------------------------+-------+-------++-------
Melee: Mace              |   135 |    93 ||   228
Invok: Berserk           |       |     1 ||     1
  Use: Scroll            |       |     5 ||     5
 Stab: Sleeping          |       |     1 ||     1
Armor: Animal skin       |    52 |    38 ||    90
Dodge: Dodged            |    88 |    82 ||   170
